 Dungeon Crawl Stone Soup version 0.15-a0-481-g5350d32 (webtiles) character file.

167 Quh the Shooter (level 5, -4/33 HPs)
             Began as a High Elf Hunter on May 8, 2014.
             Slain by glosham's ghost (5 damage)
             ... on Level 4 of the Dungeon.
             The game lasted 00:16:42 (2992 turns).

Quh the Shooter (High Elf Hunter)                   Turns: 2992, Time: 00:16:42

HP  -4/33        AC  6     Str 12      XL: 5   Next: 23%
MP  10/10        EV 11     Int 15      God:
Gold 227         SH  0     Dex 15      Spells:  0 memorised,  4 levels left

rFire  . . .     SeeInvis .     b - +1 shortbow
rCold  . . .     Clarity  .     x - +1 leather armour
rNeg   . . .     Conserve .     (no shield)
rPois  .         rCorr    .     (no helmet)
rElec  .         rRot     .     (no cloak)
SustAb . .       Spirit   .     G - +1 pair of gloves
rMut   .         Warding  .     (no boots)
Saprov . . .     Stasis   .     (no amulet)
MR     .....                    (no ring)
                                q - ring of flight

@: not resistant to hostile enchantments, unstealthy
A: no striking features
a: Evoke Flight


You were on level 4 of the Dungeon.
You were hungry.

You visited 1 branch of the dungeon, and saw 4 of its levels.

You collected 227 gold pieces.

Inventory:

Hand weapons
 a - a +1,+2 long sword
 b - a +1,+1 shortbow (weapon)
 l - a +0,+0 short sword
 z - a +3,+2 scythe
 H - a +2,+0 short sword
Missiles
 c - 25 arrows (quivered)
 g - 16 steel darts
 i - 7 arrows of frost
 E - 12 darts of frost
 L - a dart
Armour
 d - a +0 leather armour
 m - a +1 chain mail
 n - a +0 pair of gloves
 x - a +1 leather armour (worn)
 A - a +0 robe
 G - a +1 pair of gloves (worn)
 I - a +0 helmet
Magical devices
 s - a wand of random effects (15) {unknown}
Comestibles
 f - 4 bread rations
 B - a meat ration
Scrolls
 h - 5 scrolls of identify
 j - a scroll of remove curse
 k - a scroll of random uselessness
 C - a scroll of enchant armour
 J - a scroll of blinking {unknown}
Jewellery
 q - a ring of flight (left hand)
Potions
 o - a potion of confusion {unknown}
 p - a potion of mutation {unknown}
 r - a potion of haste {unknown}
 t - 2 potions of resistance {unknown}
 u - 3 potions of curing
 v - a potion of restore abilities {unknown}
 w - 2 potions of agility {unknown}
 D - a potion of heal wounds {unknown}
Books
 K - a book of Changes

   Spells                             Type                      Level
   Beastly Appendage                  Transmutation                1
   Sticks to Snakes                   Transmutation                2
   Spider Form                        Transmutation/Poison         3
   Ice Form                           Ice/Transmutation            4
   Blade Hands                        Transmutation                5
Carrion
 F - a rat skeleton
Rods
 y - a +0 rod of the swarm (10/10)
   (You found it on level 2 of the Dungeon)


   Skills:
 - Level 1.0 Fighting
 * Level 7.3 Bows
 - Level 2.1 Dodging
 - Level 2.6 Stealth
 - Level 2.6 Evocations


You had 4 spell levels left.
You didn't know any spells.

Dungeon Overview and Level Annotations

Branches:
Dungeon (4/15)
 Temple: D:4-7

Altars:

Portals:
Ossuary: D:4

Annotations:
D:4 glosham's ghost, average DDHe


Message History

Read which item? (? for menu, Esc to quit)
As you read the scroll labeled SMELYS JEXO, it crumbles to dust.
It is a scroll of enchant armour.
Enchant which item? (? for menu, Esc to quit)
Your +0 pair of gloves glows green for a moment.
Glosham's ghost hits you but does no damage.
Read which item? (? for menu, Esc to quit)
As you read the scroll labeled PNAELE TAUM, it crumbles to dust.
You experience a momentary feeling of inescapable doom!
It was a scroll of random uselessness.
Glosham's ghost hits you but does no damage.
Firing (i - inventory. (,) - cycle):
c - 26 arrows (quivered)
Press: ? - help, Shift-Dir - straight line, f/p - glosham's ghost
Aim: glosham's ghost (lightly damaged, inner flame)
You shoot an arrow.
The arrow hits glosham's ghost but does no damage.
Glosham's ghost is lightly damaged.
Glosham's ghost hits you!
* * * LOW HITPOINT WARNING * * *
You die...

#..........##..
#..............
#......(∩..#
#..........#
#..........#
#######.####
######...#
#.......W#
#.......@#
#........+
#........#
#...<....#
#........#
#........#
#........#
#........#
##########


You could see glosham's ghost (inner flame).

Vanquished Creatures
  Sigmund (D:2)
  5 adders
  A worm (D:2)
  A ball python (D:3)
  8 bats
  5 giant cockroaches
  3 hobgoblins
  6 giant newts
  6 goblins
  12 kobolds
  6 rats
54 creatures vanquished.

Notes
Turn   | Place    | Note
--------------------------------------------------------------
     0 | D:1      | Quh, the High Elf Hunter, began the quest for the Orb.
     0 | D:1      | Reached XP level 1. HP: 13/13 MP: 2/2
   381 | D:1      | Reached XP level 2. HP: 13/18 MP: 3/3
  1256 | D:2      | Reached XP level 3. HP: 12/23 MP: 5/5
  1371 | D:2      | Noticed Sigmund
  1742 | D:2      | Reached skill level 1 in Evocations
  1758 | D:2      | Killed Sigmund
  1758 | D:2      | Reached skill level 6 in Bows
  1758 | D:2      | Reached XP level 4. HP: 18/28 MP: 6/8
  2313 | D:3      | Reached skill level 7 in Bows
  2313 | D:3      | Reached XP level 5. HP: 33/33 MP: 10/10
  2967 | D:4      | Found a sand-covered staircase.
  2976 | D:4      | Noticed glosham's ghost (average DDHe)
  2992 | D:4      | HP: 1/33 [glosham's ghost (14)]
  2992 | D:4      | Slain by glosham's ghost

Action                   |  1- 3 |  4- 6 || total
-------------------------+-------+-------++-------
Melee: Short sword       |    78 |    32 ||   110
       Long sword        |       |    13 ||    13
 Fire: Shortbow          |    32 |    22 ||    54
Throw: Dart              |       |     2 ||     2
  Use: Scroll            |     1 |     4 ||     5
 Stab: Sleeping          |     2 |       ||     2
